 Dungeon Crawl Stone Soup version 0.17-a0-2014-g32cd421 (webtiles) character file.

263 Goblin1989 the Insei (level 6, -13/38 HPs)
             Began as an Octopode Transmuter on Oct 10, 2015.
             Mangled by an iguana (15 damage)
             ... on level 4 of the Dungeon.
             The game lasted 00:09:28 (3319 turns).

Goblin1989 the Insei (Octopode Transmuter)          Turns: 3319, Time: 00:09:28

Health: -13/38     AC:  1    Str: 10    XL:     6   Next: 19%
Magic:  7/9        EV: 12    Int: 17    God:
Gold:   172        SH:  0    Dex: 14    Spells: 2 memorised, 6 levels left

rFire  + . .     SeeInvis .       - Unarmed
rCold  . . .     Clarity  .     (no shield)
rNeg   . . .     SustAt   .     (helmet restricted)
rPois  .         Gourm    .     (no amulet)
rElec  .         Spirit   .     d - ring of flight
rCorr  .         Warding  .     e - ring of protection from magic
rMut   .         Stasis   .     n - +2 ring of dexterity
MR     +....                    u - ring of protection from fire
Stlth  ++........               (no ring)
                                (no ring)
                                (no ring)
                                (no ring)

@: appendage (expiring), somewhat resistant to hostile enchantments, unstealthy
A: almost no armour, amphibious, 8 rings, constrict 8, tentacle spike 3,
camouflage 1, gelatinous body 1
a: End Transformation, Evoke Flight


You were on level 4 of the Dungeon.
You were not hungry.
One of your tentacles had a temporary spike.
You visited 1 branch of the dungeon, and saw 4 of its levels.

You collected 172 gold pieces.

Inventory:

Missiles
 a - 55 arrows
Jewellery
 d - a ring of flight (left tentacle)
 e - a ring of protection from magic (right tentacle)
 n - a +2 ring of dexterity (on tentacle)
 u - a ring of protection from fire (on tentacle)
Scrolls
 i - 3 scrolls of remove curse
 k - a scroll of enchant weapon {unknown}
 l - a scroll of teleportation
Potions
 f - a potion of ambrosia
 h - a potion of lignification {unknown}
 j - a potion of agility
 p - a potion of haste
 q - a potion of degeneration {unknown}
 s - 3 potions of curing
Books
 b - a book of Changes

   Spells                             Type                      Level
   a - Beastly Appendage              Transmutation                1
   b - Sticks to Snakes               Transmutation                2
   c - Spider Form                    Transmutation/Poison         3
   d - Ice Form                       Ice/Transmutation            4
   e - Blade Hands                    Transmutation                5
 m - a book of Callings

   Spells                             Type                      Level
   a - Summon Small Mammal            Summoning                    1
   b - Call Imp                       Summoning                    2
   c - Call Canine Familiar           Summoning                    3
   d - Summon Guardian Golem          Hexes/Summoning              3
   e - Summon Lightning Spire         Summoning/Air                4
   f - Summon Ice Beast               Ice/Summoning                4
Comestibles
 c - 3 bread rations
 g - 4 beef jerkies
 o - 8 chunks of flesh
 r - 4 fruits


   Skills:
 - Level 1.0 Fighting
 - Level 2.0 Dodging
 + Level 6.7 Unarmed Combat
 - Level 2.0 Spellcasting
 - Level 2.0 Transmutations


You had 6 spell levels left.
You knew the following spells:

 Your Spells              Type           Power        Failure   Level  Hunger
a - Beastly Appendage     Trmt           #.....       10%         1    #......
b - Sticks to Snakes      Trmt           #.........   14%         2    ###....


Dungeon Overview and Level Annotations

Branches:
Dungeon (4/15)
 Temple: D:4-7

Altars:
Zin


Innate Abilities, Weirdness & Mutations

You cannot wear most types of armour.
You are amphibious.
You can wear up to eight rings at the same time.
You can use your tentacles to constrict eight enemies at once.
Your skin changes colour to match your surroundings (Stealth).
Your rubbery body absorbs attacks (AC +1).
One of your tentacles bears a large vicious spike.


Message History

You barely miss the iguana. Your grab misses the iguana.
You pierce the iguana, but do no damage.
The iguana bites you!
* * * LOW HITPOINT WARNING * * *
You tentacle-slap the iguana. You grab the iguana.
You pierce the iguana, but do no damage.
You squeeze the iguana!
The iguana is heavily wounded.
You constrict the iguana, but do no damage.
The iguana closely misses you.
You tentacle-slap the iguana but do no damage.
You pierce the iguana, but do no damage.
The iguana is heavily wounded.
You constrict the iguana. The iguana bites you.
* * * LOW HITPOINT WARNING * * *
You barely miss the iguana.
You pierce the iguana, but do no damage.
The iguana is severely wounded.
You constrict the iguana. The iguana bites you!
You die...

#.## ##.....>..
#..###.###.###.
#...#.##
#..#.##
#..#)#####.#
#....)......
##.###.#...#
#l# ... .. #@#
.... #.# ....#
#/# .... #..
.... ####


You could see an iguana.

Vanquished Creatures
  An iguana (D:4)
  An orc wizard (D:3)
  An orc priest (D:3)
  A worker ant (D:3)
  9 adders
  15 orcs
  5 giant cockroaches
  5 hobgoblins
  2 quokkas
  5 bats
  5 giant newts
  9 goblins
  4 jackals (D:3)
  2 kobolds
  4 rats
69 creatures vanquished.

Notes
Turn   | Place    | Note
--------------------------------------------------------------
     0 | D:1      | Goblin1989 the Octopode Transmuter began the quest for the Orb.
     0 | D:1      | Reached XP level 1. HP: 13/13 MP: 3/3
   355 | D:1      | Reached XP level 2. HP: 16/18 MP: 3/5
   359 | D:1      | Learned a level 2 spell: Sticks to Snakes
   839 | D:2      | Reached skill level 4 in Unarmed Combat
   845 | D:2      | Reached XP level 3. HP: 23/23 MP: 6/6
  1581 | D:3      | Reached XP level 4. HP: 23/28 MP: 5/7
  1588 | D:3      | Reached skill level 5 in Unarmed Combat
  2091 | D:3      | Reached XP level 5. HP: 23/33 MP: 6/8
  2363 | D:3      | Reached skill level 6 in Unarmed Combat
  2885 | D:4      | Reached XP level 6. HP: 6/38 MP: 9/9
  2886 | D:4      | Noticed an ogre
  3232 | D:4      | Found a glowing silver altar of Zin.
  3319 | D:4      | Mangled by an iguana

Vault maps used:
D:1:      minmay_arrival_hallway, kennysheep_small_spiral, hex_medium
D:2:      nicolae_overflow_hidden_temple
D:3:      kennysheep_decorative_pillar, kennysheep_generic_room_3
D:4:      kennysheep_mini, gammafunk_temple_overflow_forgotten, first_bread,
          enter_ossuary_3

Action                   |  1- 3 |  4- 6 || total
-------------------------+-------+-------++-------
Melee: Unarmed           |    63 |   109 ||   172
 Cast: Beastly Appendage |    14 |    19 ||    33
       Sticks to Snakes  |       |     2 ||     2
  Use: Potion            |     2 |       ||     2
       Scroll            |       |     8 ||     8
 Stab: Sleeping          |     6 |     3 ||     9
       Distracted        |       |     1 ||     1
  Eat: Meat ration       |     1 |       ||     1
       Chunk             |       |     2 ||     2
       Pizza             |       |     1 ||     1
